TOP OF THE 1ST |
New York Yankees batting - Pitching for Toronto Blue Jays : RHP Matt Altieri
|
Pitching: RHP Matt Altieri
|
|
Batting: LHB Jason Peck
|
0-0: Called Strike 0-1: Ball 1-1: Ball 2-1: Swinging Strike 2-2: Ground out U3 (Groundball, 13, EV 81.9 MPH)
|
Batting: LHB Joel Vera
|
0-0: Called Strike 0-1: Called Strike 0-2: Ball 1-2: Ground out 1-3 (Groundball, 13, EV 71.2 MPH)
|
Batting: SHB Edwin Dominguez
|
0-0: Swinging Strike 0-1: Swinging Strike 0-2: Foul Ball, location: 2F 0-2: Strikes out swinging
|
Top of the 1st over - 0 runs, 0 hits, 0 errors, 0 left on base; New York 0 - Toronto 0 |
BOTTOM OF THE 1ST |
Toronto Blue Jays batting - Pitching for New York Yankees : LHP Omar Quinones
|
Pitching: LHP Omar Quinones
|
|
Batting: SHB Matt Altieri
|
0-0: Called Strike 0-1: Foul Ball, location: 2F 0-2: Ground out 1-3 (Groundball, 13S, EV 69.4 MPH)
|
Batting: RHB Danny Burnside
|
0-0: Ball 1-0: Ball 2-0: Called Strike 2-1: SINGLE (Groundball, 6MD, EV 97.5 MPH)
|
Batting: RHB Brock Van Gilder
|
0-0: Swinging Strike 0-1: Swinging Strike 0-2: Foul Ball, location: 2F 0-2: Ball 1-2: Ball 2-2: Ball Wild Pitch! Danny Burnside to second 3-2: Strikes out swinging
|
Batting: RHB Alex Ramos
|
0-0: Ball 1-0: Ball 2-0: Ball 3-0: Called Strike 3-1: Ground out 4-3 (Groundball, 4, EV 98.1 MPH)
|
Bottom of the 1st over - 0 runs, 1 hit, 0 errors, 1 left on base; New York 0 - Toronto 0 |
TOP OF THE 2ND |
New York Yankees batting - Pitching for Toronto Blue Jays : RHP Matt Altieri
|
Batting: RHB Larry Martell
|
0-0: Fly out, F4 (Popup, 23, EV 91.2 MPH)
|
Batting: SHB Victor Ruiz
|
0-0: Called Strike 0-1: Ball 1-1: Called Strike 1-2: Hit by Pitch
|
Batting: SHB Mukhtar Wa'il
|
0-0: Foul Ball, location: 2F 0-1: Foul Ball, location: 2F 0-2: Fly out, F7 (Flyball, 7D, EV 95.0 MPH)
|
Batting: RHB Devon Utley
|
0-0: Fielders Choice at 2nd, 5-4 (Groundball, 5, EV 113.8 MPH)
|
Top of the 2nd over - 0 runs, 0 hits, 0 errors, 1 left on base; New York 0 - Toronto 0 |
BOTTOM OF THE 2ND |
Toronto Blue Jays batting - Pitching for New York Yankees : LHP Omar Quinones
|
Batting: SHB Zory Larikov
|
0-0: Called Strike 0-1: SINGLE (Groundball, 6D, EV 105.6 MPH)
|
Batting: LHB Jon Schick
|
0-0: Ball 1-0: Called Strike 1-1: Ball 2-1: Called Strike Zory Larikov steals 2nd base 2-2: Foul Ball, location: 2F 2-2: Strikes out looking
|
Batting: RHB Tommy Mize
|
0-0: Called Strike 0-1: Fly out, F4 (Popup, 4, EV 61.2 MPH)
|
Batting: RHB Finn Ross
|
0-0: Ball 1-0: Ball 2-0: Ball 3-0: Base on Balls
|
Pitching: RHP Dave Barry
|
|
Batting: SHB Jack Andrews
|
0-0: Ball 1-0: Foul Ball, location: 2F 1-1: Fly out, F7 (Flyball, 7D, EV 76.2 MPH)
|
Bottom of the 2nd over - 0 runs, 1 hit, 0 errors, 2 left on base; New York 0 - Toronto 0 |
TOP OF THE 3RD |
New York Yankees batting - Pitching for Toronto Blue Jays : RHP Matt Altieri
|
Batting: LHB Dan Morris
|
0-0: Ball 1-0: Called Strike 1-1: Swinging Strike 1-2: Ball 2-2: Fly out, F8 (Flyball, 8LD, EV 91.9 MPH)
|
Batting: LHB Jose Lebron
|
0-0: Foul Ball, location: 2F 0-1: Ground out 4-3 (Groundball, 4, EV 101.2 MPH)
|
Batting: LHB Jason Peck
|
0-0: Ball 1-0: Ground out U3 (Groundball, 3L, EV 86.2 MPH)
|
Top of the 3rd over - 0 runs, 0 hits, 0 errors, 0 left on base; New York 0 - Toronto 0 |
BOTTOM OF THE 3RD |
Toronto Blue Jays batting - Pitching for New York Yankees : RHP Dave Barry
|
Pitching: LHP Francisco Rivas
|
|
Batting: SHB Matt Altieri
|
0-0: Called Strike 0-1: Called Strike 0-2: Ball 1-2: Ball 2-2: Fly out, F9 (Flyball, 9D, EV 102.5 MPH)
|
Batting: RHB Danny Burnside
|
0-0: DOUBLE (Flyball, 8RXD, EV 107.5 MPH)
|
Batting: RHB Brock Van Gilder
|
0-0: Called Strike 0-1: Fly out, F7 (Flyball, 78M, EV 90.6 MPH)
|
Batting: RHB Alex Ramos
|
0-0: Ball 1-0: Swinging Strike 1-1: Ball 2-1: Ball 3-1: Ground out 5-3 (Groundball, 5S, EV 66.2 MPH)
|
Bottom of the 3rd over - 0 runs, 1 hit, 0 errors, 1 left on base; New York 0 - Toronto 0 |
TOP OF THE 4TH |
New York Yankees batting - Pitching for Toronto Blue Jays : RHP Matt Altieri
|
Batting: LHB Joel Vera
|
0-0: Swinging Strike 0-1: Fly out, F7 (Flyball, 7, EV 91.9 MPH)
|
Batting: SHB Edwin Dominguez
|
0-0: Ball 1-0: Foul Ball, location: 2F 1-1: Ground out 4-3 (Groundball, 4S, EV 84.4 MPH)
|
Batting: RHB Larry Martell
|
0-0: Ball 1-0: Ball 2-0: Swinging Strike 2-1: Ball 3-1: Ground out 1-3 (Groundball, 13S, EV 69.4 MPH)
|
Top of the 4th over - 0 runs, 0 hits, 0 errors, 0 left on base; New York 0 - Toronto 0 |
BOTTOM OF THE 4TH |
Toronto Blue Jays batting - Pitching for New York Yankees : LHP Francisco Rivas
|
Pitching: RHP Chris McCoy
|
|
Batting: SHB Zory Larikov
|
0-0: Ball 1-0: Ball 2-0: Ball 3-0: Base on Balls
|
Batting: LHB Jon Schick
|
0-0: Foul Ball, location: 2F 0-1: Fielders Choice at 2nd, 5-4 (Groundball, 56S, EV 90.6 MPH)
|
Batting: RHB Tommy Mize
|
0-0: Ball 1-0: Called Strike Jon Schick is caught stealing 2nd base 2-4 1-1: SINGLE (Groundball, 3D, EV 97.5 MPH)
|
Batting: RHB Finn Ross
|
0-0: Ball 1-0: Ball 2-0: Ball 3-0: Called Strike 3-1: Called Strike 3-2: Fly out, F8 (Flyball, 8RD, EV 91.9 MPH)
|
Bottom of the 4th over - 0 runs, 1 hit, 0 errors, 1 left on base; New York 0 - Toronto 0 |
TOP OF THE 5TH |
New York Yankees batting - Pitching for Toronto Blue Jays : RHP Matt Altieri
|
Pitching: RHP Justin Sedivy
|
|
Now at C: Dylan Novakowski
|
|
Now at 1B: Darren McCarty Jr.
|
|
Batting: SHB Victor Ruiz
|
0-0: Ball 1-0: SINGLE (Groundball, 34D, EV 103.8 MPH)
|
Batting: SHB Mukhtar Wa'il
|
0-0: Foul Ball, location: 2F 0-1: Foul Ball, location: 2F 0-2: Ball 1-2: Foul Ball, location: 2F 1-2: Strikes out swinging
|
Batting: RHB Devon Utley
|
0-0: Ball 1-0: Ball 2-0: Called Strike 2-1: Ball 3-1: Ground out 5-3 (Groundball, 56S, EV 70.0 MPH) Victor Ruiz to second
|
Batting: LHB Dan Morris
|
0-0: Fly out, F8 (Flyball, 8RM, EV 95.6 MPH)
|
Top of the 5th over - 0 runs, 1 hit, 0 errors, 1 left on base; New York 0 - Toronto 0 |
BOTTOM OF THE 5TH |
Toronto Blue Jays batting - Pitching for New York Yankees : RHP Chris McCoy
|
Pitching: RHP Edwin Espinal
|
|
Batting: SHB Jack Andrews
|
0-0: Ball 1-0: Ball 2-0: SINGLE (Groundball, 4MS, EV 70.0 MPH) (infield hit)
|
Batting: SHB Matt Altieri
|
0-0: Ball 1-0: Hit by Pitch Jack Andrews to second
|
Batting: RHB Danny Burnside
|
0-0: Ball 1-0: Ball 2-0: Ball 3-0: Base on Balls Jack Andrews to third Matt Altieri to second
|
Batting: RHB Brock Van Gilder
|
0-0: Foul Ball, location: 2F 0-1: Ball 1-1: Ball 2-1: Ball 3-1: Foul Ball, location: 2F 3-2: SINGLE (Groundball, 56, EV 101.2 MPH) Jack Andrews scores Matt Altieri to third Danny Burnside to second Runner from 3rd tries for Home, SAFE, throw by LF to home
|
Batting: SHB Dylan Novakowski
|
0-0: Called Strike 0-1: Swinging Strike 0-2: Strikes out looking
|
Batting: RHB Darren McCarty Jr.
|
0-0: Ball 1-0: Ball 2-0: Foul Ball, location: 2F 2-1: Ball 3-1: Swinging Strike 3-2: Strikes out swinging
|
Pinch Hitting: LHB Willis Robles
|
0-0: Ball Brock Van Gilder is caught stealing 2nd base 2-6 Danny Burnside advances to 3rd base
|
Bottom of the 5th over - 2 runs, 2 hits, 0 errors, 1 left on base; New York 0 - Toronto 2 |
TOP OF THE 6TH |
New York Yankees batting - Pitching for Toronto Blue Jays : RHP Justin Sedivy
|
Now in LF: Willis Robles
|
|
Now in RF: Danny Burnside
|
|
Batting: LHB Jose Lebron
|
0-0: Ball 1-0: Ball 2-0: Called Strike 2-1: Foul Ball, location: 2F 2-2: Strikes out swinging
|
Pinch Hitting: LHB Jordan de Jesus
|
0-0: Ball 1-0: Ball 2-0: Ball 3-0: Base on Balls
|
Pinch Hitting: RHB James Boynton
|
0-0: Called Strike Jordan de Jesus steals 2nd base 0-1: Ball 1-1: Swinging Strike 1-2: Foul Ball, location: 2F 1-2: Ball 2-2: Strikes out looking
|
Pitching: RHP Zack Rust
|
|
Batting: SHB Edwin Dominguez
|
0-0: Ball 1-0: Foul Ball, location: 2F 1-1: Called Strike 1-2: Foul Ball, location: 2F 1-2: Strikes out swinging
|
Top of the 6th over - 0 runs, 0 hits, 0 errors, 1 left on base; New York 0 - Toronto 2 |
BOTTOM OF THE 6TH |
Toronto Blue Jays batting - Pitching for New York Yankees : RHP Edwin Espinal
|
Pitching: RHP Antonio Castillo
|
|
Now at 1B: Jim Skare
|
|
Now at 2B: James Boynton
|
|
Now at SS: Jordan de Jesus
|
|
Batting: LHB Willis Robles
|
0-0: Called Strike 0-1: Foul Ball, location: 2F 0-2: Strikes out swinging
|
Pinch Hitting: RHB Kirk Arp
|
0-0: Ball 1-0: Ball 2-0: Called Strike 2-1: TRIPLE (Flyball, 9LD, EV 102.5 MPH)
|
Pinch Hitting: RHB Donny Burnside
|
0-0: Ball 1-0: Called Strike 1-1: Foul Ball, location: 2F 1-2: Ball 2-2: Ball 3-2: Ground out 6-3 (Groundball, 56, EV 90.6 MPH)
|
Pinch Hitting: LHB Michael Byrd
|
0-0: Foul Ball, location: 2F 0-1: Ball 1-1: Ball 2-1: Foul Ball, location: 2F 2-2: Foul Ball, location: 2F 2-2: Ground out 6-3 (Groundball, 6, EV 76.2 MPH)
|
Bottom of the 6th over - 0 runs, 1 hit, 0 errors, 1 left on base; New York 0 - Toronto 2 |
TOP OF THE 7TH |
New York Yankees batting - Pitching for Toronto Blue Jays : RHP Zack Rust
|
Pitching: RHP Sergio Valdivia
|
|
Now at 2B: Michael Byrd
|
|
Now at 3B: Kirk Arp
|
|
Now in CF: Donny Burnside
|
|
Now in RF: Yoshinari Nara
|
|
Pinch Hitting: RHB Russ Shambaugh
|
0-0: Ball 1-0: Ball 2-0: Ball 3-0: Base on Balls
|
Pinch Hitting: LHB Evan Torraville
|
0-0: Called Strike 0-1: Ball 1-1: Foul Ball, location: 2F 1-2: Strikes out swinging
|
Batting: LHB Jim Skare
|
0-0: Ball 1-0: Ball 2-0: Foul Ball, location: 2F 2-1: Ball 3-1: Foul Ball, location: 2F 3-2: Fly out, F9 (Line Drive, 9LS, EV 100.0 MPH)
|
Batting: RHB Devon Utley
|
0-0: Ball Russ Shambaugh steals 2nd base 1-0: Swinging Strike 1-1: Ball 2-1: Ball 3-1: SINGLE (Line Drive, 89S, EV 95.6 MPH) Russ Shambaugh to third Runner from 3rd tries for Home, SAFE, throw by RF to home
|
Batting: LHB Dan Morris
|
0-0: Ball Devon Utley steals 2nd base 1-0: Called Strike 1-1: Foul Ball, location: 2F 1-2: Fly out, F9 (Line Drive, 9, EV 96.9 MPH)
|
Top of the 7th over - 1 run, 1 hit, 0 errors, 1 left on base; New York 1 - Toronto 2 |
BOTTOM OF THE 7TH |
Toronto Blue Jays batting - Pitching for New York Yankees : RHP Antonio Castillo
|
Pitching: RHP Jose Saenz
|
|
Now at C: Brad Ritter
|
|
Now in CF: Russ Shambaugh
|
|
Now in RF: Evan Torraville
|
|
Batting: LHB Nate Dean
|
0-0: Ball 1-0: Ball 2-0: Called Strike 2-1: TRIPLE (Line Drive, 78XD, EV 101.2 MPH)
|
Batting: LHB Yoshinari Nara
|
0-0: DOUBLE (Line Drive, 3D, EV 97.5 MPH) Nate Dean scores
|
Pinch Hitting: RHB Itsuo Egami
|
0-0: Ball 1-0: Called Strike Yoshinari Nara steals 3rd base 1-1: Called Strike 1-2: Ball 2-2: Strikes out swinging
|
Batting: SHB Dylan Novakowski
|
0-0: Foul Ball, location: 2F 0-1: Foul Ball, location: 2F 0-2: Foul Ball, location: 2F 0-2: Strikes out swinging
|
Batting: RHB Darren McCarty Jr.
|
0-0: Ball 1-0: Foul Ball, location: 2F 1-1: Foul Ball, location: 2F 1-2: Ball 2-2: Fly out, F8 (Flyball, 89M, EV 67.5 MPH)
|
Bottom of the 7th over - 1 run, 2 hits, 0 errors, 1 left on base; New York 1 - Toronto 3 |
TOP OF THE 8TH |
New York Yankees batting - Pitching for Toronto Blue Jays : RHP Sergio Valdivia
|
Pitching: LHP Mario Amore
|
|
Now at SS: Itsuo Egami
|
|
Pinch Hitting: LHB David Bramble
|
0-0: Called Strike 0-1: DOUBLE (Groundball, 3L, EV 102.5 MPH)
|
Pinch Hitting: RHB C.J. Richerson
|
0-0: Ball 1-0: Called Strike 1-1: Called Strike 1-2: Foul Ball, location: 2F 1-2: Strikes out swinging
|
Batting: RHB James Boynton
|
0-0: Called Strike 0-1: Foul Ball, location: 2F 0-2: Foul Ball, location: 2F 0-2: Ball 1-2: Ball 2-2: Ball 3-2: Base on Balls
|
Pinch Runner at 2nd Bartholomeu Chambino:
|
|
Batting: SHB Edwin Dominguez
|
0-0: Swinging Strike 0-1: Foul Ball, location: 2F 0-2: Strikes out looking
|
Batting: RHB Russ Shambaugh
|
0-0: 3-RUN HOME RUN (Flyball, 78XD, EV 111.9 MPH), Distance : 441 ft
|
Pitching: LHP Vinny Zavala
|
|
Batting: LHB Evan Torraville
|
0-0: Ball 1-0: Foul Ball, location: 2F 1-1: Foul Ball, location: 2F 1-2: SINGLE (Line Drive, 56, EV 105.0 MPH)
|
Batting: LHB Jim Skare
|
0-0: Called Strike Evan Torraville is caught stealing 2nd base 2-6
|
Top of the 8th over - 3 runs, 3 hits, 0 errors, 0 left on base; New York 4 - Toronto 3 |
BOTTOM OF THE 8TH |
Toronto Blue Jays batting - Pitching for New York Yankees : RHP Jose Saenz
|
Pitching: RHP Isaias Chavez
|
|
Now at SS: Mike Gifford
|
|
Now in LF: Evan Torraville
|
|
Now in RF: Adriaan Pieters
|
|
Batting: LHB Willis Robles
|
0-0: Called Strike 0-1: Ball 1-1: Ball 2-1: Called Strike 2-2: Ground out 4-3 (Groundball, 4, EV 83.8 MPH)
|
Batting: RHB Kirk Arp
|
0-0: Called Strike 0-1: Ground out 1-3 (Groundball, 13S, EV 72.5 MPH)
|
Batting: RHB Donny Burnside
|
0-0: Fly out, F9 (Line Drive, 9S, EV 102.5 MPH)
|
Bottom of the 8th over - 0 runs, 0 hits, 0 errors, 0 left on base; New York 4 - Toronto 3 |
TOP OF THE 9TH |
New York Yankees batting - Pitching for Toronto Blue Jays : LHP Vinny Zavala
|
Pitching: LHP Julio Gonzalez
|
|
Pinch Hitting: RHB Geni Prawiranega
|
0-0: Ball 1-0: Foul Ball, location: 2F 1-1: Ball 2-1: Foul Ball, location: 2F 2-2: Strikes out swinging
|
Batting: RHB Devon Utley
|
0-0: Called Strike 0-1: Called Strike 0-2: Strikes out swinging
|
Pinch Hitting: RHB Shiro Suehiro
|
0-0: Ball 1-0: Ball 2-0: Ball 3-0: Base on Balls
|
Batting: RHB Adriaan Pieters
|
0-0: Ball Shiro Suehiro steals 2nd base 1-0: Ball 2-0: Foul Ball, location: 2F 2-1: Ground out 5-3 (Groundball, 5S, EV 73.8 MPH)
|
Top of the 9th over - 0 runs, 0 hits, 0 errors, 1 left on base; New York 4 - Toronto 3 |
BOTTOM OF THE 9TH |
Toronto Blue Jays batting - Pitching for New York Yankees : RHP Isaias Chavez
|
Pitching: RHP Leo Gonzales
|
|
Now at C: Geni Prawiranega
|
|
Now at 1B: Shiro Suehiro
|
|
Batting: LHB Michael Byrd
|
0-0: Hit by Pitch
|
Batting: LHB Nate Dean
|
0-0: Sac Bunt to 15S - play at first, batter OUT! 1-3 Michael Byrd to second
|
Batting: LHB Yoshinari Nara
|
0-0: Called Strike Michael Byrd steals 3rd base (no throw) 0-1: Fly out, F7 (Flyball, 7LS, EV 89.4 MPH)
|
Batting: RHB Itsuo Egami
|
0-0: Called Strike 0-1: Foul Ball, location: 2F 0-2: Foul Ball, location: 2F 0-2: Strikes out swinging
|
Bottom of the 9th over - 0 runs, 0 hits, 0 errors, 1 left on base; New York 4 - Toronto 3 |
|